 Dungeon Crawl Stone Soup version 0.25-a0-177-gd145f35b4e (webtiles) character file.

Game seed: 3946577339288315357, levelgen mode: deterministic

32566 Gumption the Covert (level 13, 0/67 HPs)
             Began as a Spriggan Enchanter on Nov 25, 2019.
             Was an Elder of Dithmenos.
             Slain by a death yak (30 damage)
             ... on level 4 of the Lair of Beasts on Nov 26, 2019.
             The game lasted 03:19:53 (28309 turns).

Gumption the Covert (Spriggan Enchanter)           Turns: 28309, Time: 03:19:53

Health: 0/67       AC:  6    Str:  4    XL:     13   Next: 32%
Magic:  23/29      EV: 28    Int: 20    God:    Dithmenos [****..]
Gold:   928        SH:  0    Dex: 18    Spells: 23/34 levels left

rFire    x . .     SeeInvis +   a - +4 rapier (elec)
rCold    + . .     Gourm    .   (shield restricted)
rNeg     . . .     Faith    .   A - +2 robe {Archmagi}
rPois    +         Spirit   .   G - +2 hat {MR+}
rElec    .         Reflect  .   x - scarf {repulsion}
rCorr    .         Harm     .   (gloves unavailable)
MR       +++..                  (boots unavailable)
Stlth    +++++++++.             (no amulet)
HPRegen  0.21/turn              F - ring of poison resistance
MPRegen  0.21/turn              r - ring of ice

@: confusing touch, wreathed by umbra, repel missiles, very quick
A: very small, unfitting armour, see invisible, herbivore, speed 3, slow
metabolism 2
a: Shadow Step, Renounce Religion


You were on level 4 of the Lair of Beasts.
You worshipped Dithmenos.
Dithmenos was greatly pleased with you.
You were not hungry.

You visited 3 branches of the dungeon, and saw 15 of its levels.
You also visited: Ice Cave.

You collected 928 gold pieces.

Inventory:

Hand Weapons
 a - a +4 rapier of electrocution (weapon)
 b - a +0 vampiric short sword
 m - a +2 hunting sling of freezing
 w - a +0 hunting sling of velocity
Missiles
 d - 487 stones
 h - 6 throwing nets (quivered)
 M - 40 sling bullets
 O - 9 curare-tipped darts
Armour
 n - a +1 robe of cold resistance
 x - a scarf of repulsion (worn)
 y - the +2 hat of Ohor Let {rN+++}
   (You acquired it on level 6 of the Dungeon)

   It renders you almost immune to negative energy.
 A - a +2 robe of the Archmagi (worn)
 D - the +1 robe of a volcano {MR++ Dex+7 SInv}
   (You found it in an ice cave)

   It affects your dexterity (+7).
   It affects your resistance to hostile enchantments.
   It lets you see invisible.
 G - a +2 hat of magic resistance (worn)
Magical Staves
 L - an uncursed staff of cold
 N - an uncursed staff of earth
Jewellery
 q - an uncursed ring of protection from magic
 r - a ring of ice (right hand)
 F - a ring of poison resistance (left hand)
 S - an uncursed ring of protection from fire {unknown}
Wands
 j - a wand of random effects (40)
 z - a wand of digging (5)
 B - a wand of iceblast (15)
 E - a wand of acid (4)
 Q - a wand of flame (1)
Scrolls
 k - 7 scrolls of teleportation
 l - 4 scrolls of immolation
 p - a scroll of brand weapon
 t - a scroll of blinking
 C - 6 scrolls of remove curse
 H - a scroll of magic mapping
 J - 6 scrolls of identify
 P - a scroll of silence
Potions
 c - 3 potions of might
 f - 5 potions of lignification
 g - a potion of berserk rage
 i - 11 potions of curing
 o - 2 potions of ambrosia
 s - 3 potions of brilliance
 u - 2 potions of haste
 v - a potion of resistance
 I - a potion of flight
 K - a potion of agility
 R - a potion of invisibility
Comestibles
 e - 18 rations


   Skills:
 + Level 7.1 Fighting
 * Level 10.2 Short Blades
 - Level 12.0 Dodging
 + Level 14.3 Stealth
 + Level 11.2 Spellcasting
 - Level 9.0 Hexes
 - Level 4.0 Ice Magic
 + Level 8.4 Invocations


You had 23 spell levels left.
You knew the following spells:

 Your Spells              Type           Power        Failure   Level  Hunger
a - Ensorcelled Hibernat  Hex/Ice        ######       1%          2    None
b - Apportation           Tloc           ###...       6%          1    None
c - Confuse               Hex            ######..     1%          3    None
d - Tukima's Dance        Hex            ######..     1%          3    None
e - Confusing Touch       Hex            ######       1%          1    None
f - Animate Skeleton      Necr           N/A          6%          1    None

Your spell library contained the following spells:

 Spells                   Type           Power        Failure   Level  Hunger
 Corona                   Hex            ######.      1%          1    None
 Dazzling Spray           Conj/Hex       #####.       3%          3    None
 Summon Small Mammal      Summ           ###.         6%          1    None


Dungeon Overview and Level Annotations

Branches:
Dungeon (10/15)            Temple (1/1) D:4            Lair (4/6) D:8
  Swamp (0/4) Lair:4       Spider (0/4) Lair:3        IceCv (visited)
    Orc: D:9-12

Altars:
Ashenzari
Cheibriados
Dithmenos
Elyvilon
Fedhas
Gozag
Hepliaklqana
Kikubaaqudgha
Makhleb
Nemelex Xobeh
Okawaru
Qazlal
Ru
Sif Muna
Trog
Uskayaw
Vehumet
Wu Jian
Xom
Yredelemnul
Zin
The Shining One


Innate Abilities, Weirdness & Mutations

You are very small and have problems with some larger weapons.
You are too small for most types of armour.
You have supernaturally acute eyesight. (SInv)
You are a herbivore.
You cover ground extremely quickly.
You need to consume almost no food.


Message History

The death yak is severely wounded.
The death yak gores the plant!!
The yak gores the plant!
You strike the helpless death yak from behind!
You impale the death yak!!
Lightning courses through the death yak!!
You kill the death yak!
Dithmenos accepts your kill.
Casting: Confusing Touch (safe; 1% risk of failure)
Confirm with . or Enter, or press ? or * to list all spells.
Aiming: Confuse (safe; 1% risk of failure)
Press: ? - help, Shift-Dir - straight line, f - yak
Aim: a yak (umbra, chance to defeat MR: 78%)
You feel a surge of power!
The yak appears confused.
Casting: Confuse (safe; 1% risk of failure)
Confirm with . or Enter, or press ? or * to list all spells.
You feel a surge of power!
Your hands begin to glow red.
You hit the death yak but do no damage. The death yak closely misses you.
The yak gores the plant.
You hit the death yak but do no damage. The death yak gores you!!
You die...

####### #####.##.. #........##
### #### ## ##.........##
##.####..# #.
#..........Y#####........#####
#.........P.Y@..#........##P.+
##.........#.#..+..P..........
#.........##..#....≈≈≈P...####
#..........#####..≈♣♣≈....# #.
##.........## #.#.≈≈P+#.## #.
#.^........# ###≈#.≈..## ##
##.....##### ##≈...## #
##..### #...## # #..# #...#
###


You could see a death yak and a yak (confused).

Vanquished Creatures
  Gastronok (Lair:3)
  Josephine (D:10)
  Fannar (Lair:2)
  Harold (D:7)
  3 hydras
  Erica (Lair:1)
  2 death yaks (Lair:4)
  Urug (D:10)
  Sonja (Lair:3)
  An unseen horror (D:10)
  A wolf spider (Lair:3)
  A cyclops (D:10)
  2 ugly things (IceCv)
  4 elephants (Lair:2)
  A manticore (D:10)
  A centaur zombie (D:10)
  Joseph (Lair:1)
  4 ice statues
  2 black mambas
  8 spiny frogs
  A freezing wraith (Lair:2)
  5 komodo dragons
  2 polar bears
  12 blink frogs
  3 hippogriffs
  3 wyverns (Lair:4)
  2 basilisks
  2 yaks (Lair:4)
  6 wraiths (D:10)
  Eustachio (D:4)
  2 hungry ghosts
  Duvessa (D:7)
  6 porcupines
  5 orc warriors
  4 water moccasins
  16 ice beasts
  2 sky beasts
  3 black bears (D:8)
  3 phantoms
  8 ogres
  A centaur (D:7)
  5 wolves (Lair:3)
  10 crocodiles
  2 big kobolds
  6 bullfrogs
  Dowan (D:7)
  A water moccasin zombie (D:6)
  A wyvern skeleton (D:7)
  3 killer bees (D:7)
  3 scorpions
  4 wights (D:6)
  4 howler monkeys
  4 electric eels (Lair:4)
  2 crimson imps
  A quasit (D:9)
  2 bullfrog zombies
  4 hounds
  4 orc priests
  2 jellies
  3 iguanas
  9 orc wizards
  7 worker ants
  Robin (D:4)
  2 worker ant zombies
  3 gnolls (D:3)
  10 adders
  14 white imps
  An ooze (D:1)
  6 worms
  9 leopard geckos
  44 orcs
  2 giant cockroaches
  15 goblins
  6 hobgoblins
  4 quokkas
  2 ball pythons
  6 bats
  4 frilled lizards
  A jackal skeleton (D:4)
  12 kobolds
  3 leopard gecko skeletons
  A leopard gecko zombie (D:5)
  A quokka skeleton (D:9)
  6 rats
357 creatures vanquished.

Vanquished Creatures (collateral kills)
  An orc warrior (D:9)
1 creature vanquished.

Vanquished Creatures (others)
  A dancing weapon (D:5)
  A kobold (D:7)
  2 fungi (D:8)
  9 plants
13 creatures vanquished.

Grand Total: 371 creatures vanquished

Notes
Turn   | Place    | Note
-------+----------+-------------------------------------------
     0 | D:1      | Gumption the Spriggan Enchanter began the quest for the
                  | Orb.
     0 | D:1      | Reached XP level 1. HP: 9/9 MP: 5/5
   666 | D:1      | You fall into a shaft and drop 1 floor!
   876 | D:1      | Reached XP level 2. HP: 13/13 MP: 6/6
   880 | D:1      | Learned a level 2 spell: Ensorcelled Hibernation
  2085 | D:2      | Reached XP level 3. HP: 16/16 MP: 5/8
  2151 | D:2      | Learned a level 3 spell: Confuse
  3102 | D:2      | Found an ancient bone altar of Kikubaaqudgha.
  3353 | D:3      | Reached skill level 5 in Stealth
  3505 | D:3      | Reached skill level 1 in Ice Magic
  3579 | D:3      | Reached XP level 4. HP: 21/21 MP: 4/9
  3925 | D:3      | Learned a level 3 spell: Tukima's Dance
  5107 | D:4      | Reached XP level 5. HP: 24/24 MP: 11/11
  5257 | D:4      | Found a shimmering altar of Xom.
  5257 | D:4      | Noticed Robin
  5322 | D:4      | Noticed Eustachio
  5332 | D:4      | Killed Eustachio
  5332 | D:4      | Reached skill level 5 in Hexes
  5332 | D:4      | Reached XP level 6. HP: 28/28 MP: 3/12
  5566 | D:4      | Found a staircase to the Ecumenical Temple.
  5583 | Temple   | Entered the Ecumenical Temple
  5726 | Temple   | Became a worshipper of Dithmenos the Shadowed
  6050 | D:4      | Found a sparkling altar of Nemelex Xobeh.
  6087 | D:4      | Found a bloodstained altar of Trog.
  6169 | D:4      | Reached skill level 6 in Stealth
  6773 | D:4      | Reached XP level 7. HP: 32/32 MP: 11/14
  7134 | D:4      | Killed Robin
  7263 | D:5      | Entered Level 5 of the Dungeon
  7499 | D:5      | Reached * piety under Dithmenos
  7576 | D:5      | Reached skill level 5 in Dodging
  8331 | D:5      | Found a snail-covered altar of Cheibriados.
  8712 | D:5      | Found a shadowy altar of Dithmenos.
  8739 | D:5      | Reached skill level 7 in Stealth
  8739 | D:5      | Reached XP level 8. HP: 29/36 MP: 7/16
  9215 | D:6      | Reached skill level 5 in Spellcasting
  9487 | D:6      | Reached skill level 1 in Invocations
  9751 | D:6      | Identified 3 scrolls of acquirement
  9752 | D:6      | Got an ichor-stained hat
  9758 | D:6      | Identified the +2 hat of Ohor Let {rN+++} (You acquired it
                  | on level 6 of the Dungeon)
  9795 | D:6      | Reached skill level 1 in Fighting
 10022 | D:7      | Reached ** piety under Dithmenos
 10276 | D:7      | Noticed Harold
 10538 | D:7      | Noticed Dowan
 10539 | D:7      | Noticed Duvessa
 10543 | D:7      | Reached skill level 8 in Stealth
 10848 | D:7      | Reached XP level 9. HP: 41/41 MP: 10/18
 11079 | D:7      | Killed Duvessa
 11085 | D:7      | Killed Dowan
 11221 | D:7      | Killed Harold
 11221 | D:7      | Reached skill level 5 in Short Blades
 11221 | D:7      | Reached skill level 9 in Stealth
 12034 | D:7      | Upgraded the game from 0.25-a0-167-g836c352ace to
                  | 0.25-a0-177-gd145f35b4e
 12089 | D:8      | Found a hazy altar of Hepliaklqana.
 12330 | D:8      | Found a staircase to the Lair.
 12423 | D:8      | Reached XP level 10. HP: 49/49 MP: 15/21
 12766 | D:8      | Reached *** piety under Dithmenos
 13243 | D:9      | Found a blossoming altar of Fedhas.
 13388 | D:9      | Found a basalt altar of Yredelemnul.
 13389 | D:9      | Noticed a skeletal warrior
 13533 | D:9      | Reached skill level 10 in Stealth
 14243 | D:10     | Entered Level 10 of the Dungeon
 14344 | D:10     | Noticed an unseen horror
 14355 | D:10     | Killed an unseen horror
 14441 | D:10     | Noticed a cyclops
 14655 | D:10     | Killed a cyclops
 14655 | D:10     | Reached skill level 5 in Invocations
 14675 | D:10     | Reached XP level 11. HP: 26/53 MP: 10/24
 14688 | D:10     | Reached **** piety under Dithmenos
 15102 | D:10     | Noticed Urug
 15203 | D:10     | Reached skill level 11 in Stealth
 15356 | D:10     | Noticed Josephine
 15499 | D:10     | Killed Urug
 15884 | D:10     | Killed Josephine
 15884 | D:10     | Reached skill level 10 in Dodging
 16429 | Lair:1   | Entered Level 1 of the Lair of Beasts
 16433 | Lair:1   | Noticed a five-headed hydra
 16441 | Lair:1   | Killed a five-headed hydra
 16441 | Lair:1   | Reached skill level 5 in Fighting
 16742 | Lair:1   | Noticed Erica
 16745 | Lair:1   | Killed Erica
 16745 | Lair:1   | Reached skill level 12 in Stealth
 16819 | Lair:1   | Noticed Joseph
 16823 | Lair:1   | Killed Joseph
 17427 | Lair:2   | Found a frozen archway.
 17455 | Lair:2   | Reached XP level 12. HP: 33/60 MP: 22/26
 17724 | IceCv    | Entered an ice cave
 17996 | IceCv    | Got a colourful robe
 18014 | IceCv    | Identified the +1 robe of a volcano {MR++ Dex+7 SInv} (You
                  | found it in an ice cave)
 21373 | IceCv    | HP: 1/60 [ice statue] (4)]
 24450 | Lair:2   | Reached skill level 10 in Spellcasting
 24902 | Lair:2   | Noticed Fannar
 25032 | Lair:2   | Killed Fannar
 25032 | Lair:2   | Reached skill level 13 in Stealth
 25908 | Lair:3   | Noticed Gastronok
 26154 | Lair:3   | Found a hole to the Spider Nest.
 26492 | Lair:3   | Killed Gastronok
 26647 | Lair:3   | Noticed a six-headed hydra
 26726 | Lair:3   | Killed a six-headed hydra
 26726 | Lair:3   | Reached XP level 13. HP: 64/66 MP: 17/28
 26894 | Lair:3   | Noticed Sonja
 26899 | Lair:3   | Killed Sonja
 27281 | Lair:4   | Reached skill level 14 in Stealth
 27298 | Lair:4   | Found a staircase to the Swamp.
 27778 | Lair:4   | Learned a level 1 spell: Apportation
 27914 | Lair:4   | Reached skill level 10 in Short Blades
 28144 | Lair:4   | Learned a level 1 spell: Confusing Touch
 28146 | Lair:4   | Learned a level 1 spell: Animate Skeleton
 28309 | Lair:4   | Slain by a death yak

Levels and vault maps discovered:
D:1:      saegor_arrival_simple_d, layout_loops_cross, due_unseen_surprise
D:2:      layout_loops_corners, kiku_gazebo_pond_becter
D:3:      layout_loops_cross, guppyfry_early_orc_mine
D:4:      layout_basic, overflow_temple_1_default,
          chequers_temple_overflow_statue_of_worship,
          minmay_temple_entry_sparse_star, uniq_robin, uniq_eustachio
D:5:      layout_loops_corners, slow_altar_2, first_ration,
          grunt_dithmenos_shadows
D:6:      layout_gridville
D:7:      layout_cave_pods, grunt_ogre_cave, uniq_duvessa, uniq_harold
D:8:      layout_basic, lemuel_crystal_altar, minmay_lair_entry_grove
D:9:      layout_basic, hangedman_feature_mirror, feat_on_display
D:10:     layout_basic, minmay_bent, uniq_josephine, uniq_urug
Temple:   regret_index_temple_sphere_string
Lair:1:   layout_cave_pods, uniq_erica, uniq_joseph
Lair:2:   layout_cave_pods, portal_ice_cave_entry_imps, ice2_lemuel, uniq_fannar
Lair:3:   layout_roguey, spider_nest_entry_rubble, uniq_gastronok, uniq_sonja
Lair:4:   layout_roguey, swamp_mist_pool, serial_bayou, serial_bayou_pond_d,
          serial_bayou_lagoon_a, serial_bayou_lagoon_b, serial_bayou_pond_d,
          beast_lair_carwin_2

Skill      XL: |  1  2  3  4  5  6  7  8  9 10 11 12 13 |
---------------+----------------------------------------+-----
Hexes          | 4 5 6 8 9 |  9.0
Spellcasting   | 3 4 5 6 8 9 10 11 | 11.2
Stealth        | 5 6 7 8 9 10 12 13 14 | 14.3
Ice Magic      | 1 2 3 4 |  4.0
Dodging        | 4 5 6 8 9 11 12 | 12.0
Short Blades   | 2 3 4 5 6 8 9 10 | 10.2
Invocations    | 1 3 5 6 7 8 |  8.4
Fighting       | 1 3 4 5 6 7 |  7.1

Action                   |  1- 3 |  4- 6 |  7- 9 | 10-12 | 13-15 || total
-------------------------+-------+-------+-------+-------+-------++-------
Melee: Dagger            |    84 |   103 |   123 |       |       ||   310
       Short sword       |       |       |    24 |    88 |       ||   112
       Rapier            |       |       |    61 |   498 |    63 ||   622
 Fire: Hunting sling     |       |       |       |   419 |       ||   419
Throw: Throwing net      |       |       |       |     4 |       ||     4
 Cast: Corona            |    16 |       |       |       |       ||    16
       Ensorcelled Hiber |    31 |    48 |    90 |   148 |    15 ||   332
       Confuse           |     1 |     5 |    33 |   165 |     5 ||   209
       Tukima's Dance    |       |       |     2 |     1 |       ||     3
       Confusing Touch   |       |       |       |       |     6 ||     6
Invok: Shadow Step       |       |       |       |     2 |     1 ||     3
Evoke: Wand              |       |       |       |    17 |     6 ||    23
  Use: Scroll            |     2 |    10 |    10 |    10 |     1 ||    33
       Potion            |       |       |       |     1 |       ||     1
 Stab: Sleeping          |    23 |    31 |    74 |   115 |    18 ||   261
       Confused          |     1 |     3 |    26 |    97 |     8 ||   135
  Eat: Ration            |     1 |     3 |     4 |     7 |     1 ||    16
Armor: Robe              |     8 |     2 |     6 |    30 |     1 ||    47
Dodge: Dodged            |    63 |    58 |   143 |   444 |    23 ||   731
       Deflected         |       |       |     2 |    22 |       ||    24

Table legend:
 A = Non-vault XP
 B = Vault XP
 C = Vault XP percentage of total XP
 D = Non-vault monster count
 E = Vault monster count
 F = Vault count percentage of total count
                 A         B        C        D         E       F
            +---------+---------+-------+---------+---------+-------
      Total |   26794 |   19730 |  42.4 |     262 |      96 |  26.8
            +---------+---------+-------+---------+---------+-------
        D:1 |      21 |       0 |   0.0 |      11 |       0 |   0.0
        D:2 |      51 |       0 |   0.0 |      15 |       0 |   0.0
        D:3 |      90 |      16 |  15.1 |      15 |       7 |  31.8
        D:4 |     495 |     225 |  31.2 |      20 |      14 |  41.2
        D:5 |     535 |     138 |  20.5 |      28 |       2 |   6.7
        D:6 |     935 |       0 |   0.0 |      16 |       0 |   0.0
        D:7 |    1239 |    1328 |  51.7 |      33 |       4 |  10.8
        D:8 |     626 |    1562 |  71.4 |      14 |      13 |  48.1
        D:9 |    1101 |      35 |   3.1 |      20 |       1 |   4.8
       D:10 |    2446 |    4435 |  64.5 |      25 |      12 |  32.4
     Lair:1 |    4295 |    1425 |  24.9 |      14 |       5 |  26.3
     Lair:2 |    3181 |    2751 |  46.4 |      10 |      20 |  66.7
     Lair:3 |    6464 |    3841 |  37.3 |      24 |       3 |  11.1
     Lair:4 |    5315 |    1019 |  16.1 |      17 |       4 |  19.0
      IceCv |       0 |    2955 | 100.0 |       0 |      11 | 100.0
            +---------+---------+-------+---------+---------+-------
